 Dungeon Crawl Stone Soup version 0.31-a0-965-g8a8ce12e04 (webtiles) character file.

Game seed: 10423465575176532642

35 tsujin the Slasher (level 3, -1/31 HPs)
             Began as an Armataur Warper on Oct 26, 2023.
             Slain by a gnoll
             ... wielding a +0 club
              (4 damage)
             ... on level 2 of the Dungeon.
             The game lasted 00:03:39 (942 turns).

tsujin the Slasher (Armataur Warper)                 Turns: 942, Time: 00:03:39

Health: -1/31      AC:  6    Str: 18    XL:     3   Next: 16%
Magic:  5/5        EV:  9    Int: 13    God:
Gold:   34         SH:  0    Dex:  9    Spells: 5/5 levels left

rFire   . . .        a - +0 falchion
rCold   . . .        (no shield)
rNeg    . . .        b - +0 leather armour
rPois   .            c - +0 helmet
rElec   .            (no cloak)
rCorr   .            f - +0 pair of gloves
SInv    .            (no barding)
Will    .....        (no amulet)
Stlth   +            (no ring)
HPRegen 0.25/turn    (no ring)
MPRegen 0.09/turn

%: roll
@: no status effects
A: large, rugged brown scales 3, deformed body, armoured tail, roll, long
tongue, awkward tongue
a: no special abilities


You were on level 2 of the Dungeon.
You visited 1 branch of the dungeon, and saw 2 of its levels.

You collected 34 gold pieces.

Inventory:

Hand Weapons
 a - a +0 falchion (weapon)
Missiles
 d - 6 darts of dispersal (quivered)
Armour
 b - a +0 leather armour (worn)
 c - a +0 helmet (worn)
 f - a +0 pair of gloves (worn)
Scrolls
 g - a scroll of fear {unknown}
 h - a scroll of enchant weapon {unknown}
 j - a scroll of brand weapon {unknown}
Potions
 e - a potion of mutation
 i - 3 potions of curing {unknown}


   Skills:
 - Level 1.7 Fighting
 + Level 3.3 Long Blades
 - Level 0.8 Throwing
 - Level 1.2 Armour
 - Level 1.3 Dodging
 - Level 1.7 Spellcasting
 - Level 3.0 Translocations


You had 5 spell levels left.
You didn't know any spells.
Your spell library contained the following spells:

 Spells                   Type           Power      Damage    Failure   Level
 Blink                    Tloc           16%        N/A       14%         2
 Lesser Beckoning         Tloc           16%        N/A       14%         2
 Momentum Strike          Conj/Tloc      10%        3d8       26%         2
 Teleport Other           Tloc           8%         N/A       26%         3
 Manifold Assault         Tloc           8%         N/A       65%         4
 Vhi's Electric Charge    Tloc/Air       10%        N/A       86%         4


Dungeon Overview and Level Annotations

Branches:
Dungeon (2/15)

Altars:


Innate Abilities, Weirdness & Mutations

You are completely covered in rugged brown scales. (AC +3, +7% HP)
Armour fits poorly on your strangely shaped body.
You have a long armoured tail.
You roll when moving toward enemies. (Rampage)
Your long tongue fully drains potion bottles. (2x potion effects)
Your tongue gives you trouble enunciating. (1.5x scroll delay)


Message History

A gnoll comes into view. It is wielding a +0 whip.
The jackal bites you but does no damage.
The jackal barely misses you.
You miss the jackal.
The jackal is heavily wounded.
The jackal closely misses you.
You barely miss the jackal.
The jackal is heavily wounded.
The jackal closely misses you.
The jackal bites you but does no damage.
You hit the jackal.
You kill the jackal!
The gnoll hits you with a +0 club.
The jackal bites you but does no damage.
You take 2 damage, and have 15/31 hp.
You miss the jackal. You tail-slap the jackal.
The jackal is heavily wounded.
The gnoll closely misses you. The jackal bites you.
The gnoll barely misses you.
You take 2 damage, and have 13/31 hp.
You hit the jackal.
Your tail-slap misses the jackal.
The jackal is almost dead.
The jackal bites you but does no damage.
The gnoll barely misses you. The gnoll hits you with a +0 club.
The jackal bites you but does no damage.
You take 3 damage, and have 10/31 hp.
You barely miss the jackal.
The jackal is almost dead.
The gnoll hits you from afar with a +0 halberd!
* * * LOW HITPOINT WARNING * * *
The jackal bites you but does no damage.
The gnoll hits you but does no damage.
A worm comes into view.
The gnoll barely misses you.
The jackal bites you but does no damage.
The gnoll barely misses you.
You take 7 damage, and have 3/31 hp.
MASSIVE DAMAGE!!
The jackal attacks as it pursues you! The jackal closely misses you.
The gnoll attacks as it pursues you! The gnoll hits you with a +0 club.
You die...

# P....# ####.## # . ....#
#........ ###.# #...#
##...|... .... #...#
.....#.# # #.# #...#
#..##.. .#
..######)..####).##.# ..#
.................##.##..##.
.................g.........
................@hg...[##
..######...#####.##†##w#
..# #...# #.##)# ..#
#...... #.##gh #.###
#....#.# #.###g. ....#
#....#.# #.# ..⌠
#...<.....?# #.. ....
....###.### ### ..8.⌠ #...#
......


You could see a worm, 2 gnolls and a jackal.

Vanquished Creatures
  A worm (D:2)
  A dart slug (D:1)
  2 bats (D:1)
  2 endoplasms (D:1)
  4 goblins
  6 jackals
  A quokka (D:1)
  A ball python (D:1)
  6 kobolds
  4 rats (D:1)
28 creatures vanquished.

Notes
Turn   | Place    | Note
-------+----------+-------------------------------------------
     0 | D:1      | tsujin the Armataur Warper began the quest for the Orb.
     0 | D:1      | Reached XP level 1. HP: 18/18 MP: 3/3
   169 | D:1      | Reached XP level 2. HP: 1/25 MP: 4/4
   169 | D:1      | HP: 1/25 [jackal (1)]
   903 | D:2      | Reached XP level 3. HP: 31/31 MP: 5/5
   942 | D:2      | Slain by a gnoll

Illustrated notes

Levels and vault maps discovered:
D:1:      dpeg_arrival_shrine, layout_basic
D:2:      layout_loops_cross, hellmonk_ecumenical_altar_dog_temple,
          serial_forest, infiniplex_forest_zigzag_2,
          infiniplex_forest_clump_large, infiniplex_forest_end_double,
          infiniplex_forest_lined_3, infiniplex_forest_clump_small,
          infiniplex_forest_lined_3

Skill      XL: |  1  2 |
---------------+-------+-----
Long Blades    | 2 3 |  3.3
Fighting       | |  1.7
Throwing       | |  0.8
Armour         | |  1.2
Dodging        | |  1.3
Spellcasting   | |  1.7
Translocations | |  3.0

Action                     || total
---------------------------++-------
  Melee: Falchion          ||    93
         Tailslap          ||    11
  Throw: Dart              ||     1
    Use: Scroll            ||     2
 Armour: Leather armour    ||   134
  Dodge: Dodged            ||    74

Table legend: (Time is in decaauts)
 A = Elapsed time spent in this place.
 B = Non-inter-level travel time spent in this place.
 C = Inter-level travel time spent in this place.
 D = Time resting spent in this place.
 E = Time spent auto-exploring this place.
 F = Levels seen in this place.
 G = Mean time per level.
                   A        B        C        D        E       F      G
               +--------+--------+--------+--------+--------+-----+--------+
         Total |    958 |    942 |     16 |     93 |    467 |   2 |  479.0 |
       Dungeon |    958 |    942 |     16 |     93 |    467 |   2 |  479.0 |
               +--------+--------+--------+--------+--------+-----+--------+

Top non-repeatable levels by time:
     D:1: 875 daAuts
     D:2: 82 daAuts
